 Dungeon Crawl Stone Soup version 0.29.1-15-g9cfb28693d (webtiles) character file.

Game seed: 10579600777971235388

66732 protoss039 the Fighter (level 14, -4/113 HPs)
             Began as a Demonspawn Earth Elementalist on Mar 14, 2023.
             Was a High Priest of Vehumet.
             Slain by a red devil
             ... wielding a +0 demon trident
             ... summoned by an orc high priest
              (18 damage)
             ... on level 2 of the Orcish Mines.
             The game lasted 00:40:17 (26594 turns).

protoss039 the Fighter (DsEE)                      Turns: 26594, Time: 00:40:17

Health: -4/113     AC: 26    Str:  9    XL:     14   Next: 80%
Magic:  29/37      EV: 12    Int: 22    God:    Vehumet [*****.]
Gold:   1973       SH:  6    Dex: 13    Spells: 9/33 levels left

rFire   . . .      SeeInvis +   q - +7 short sword (venom)
rCold   . . .      Faith    .   S - +0 buckler {AC+3}
rNeg    . . .      Spirit   .   d - +1 leather armour {Will+}
rPois   .          Reflect  .   Y - +2 helmet
rElec   .          Harm     .   J - +0 cloak
rCorr   .          Rampage  .   (no gloves)
Will    ++...                   I - +0 pair of boots
Stlth   ++........              v - amulet of magic regeneration
HPRegen 0.28/turn               V - ring of magical power
MPRegen 0.65/turn               Q - ring of see invisible

@: about to teleport, sanguine armoured
A: spiny 2, sanguine armour 3, demonic touch 2
a: Renounce Religion


You were on level 2 of the Orcish Mines.
You worshipped Vehumet.
Vehumet was extremely pleased with you.
You visited 4 branches of the dungeon, and saw 21 of its levels.
You also visited: Ice Cave.

You collected 1973 gold pieces.

Inventory:

Hand Weapons
 q - a +7 short sword of venom (weapon)
 K - the +6 spear of the Spheres {vorpal, Fly rF+}
   (You found it on level 9 of the Dungeon)

   It inflicts extra damage upon your enemies.
   rF:        It protects you from fire.
   Fly:       It grants you flight.
Missiles
 y - 2 throwing nets
Armour
 d - a +1 leather armour of willpower (worn)
 C - a +2 leather armour of fire resistance
 I - a +0 pair of boots (worn)
 J - a +0 cloak (worn)
 P - the +0 ice dragon scales of Erchy {rF- rC++ Will- Regen+ Dex+3}
   (You found it in an ice cave)

   Dex:       It affects your dexterity (+3).
   rF:        It makes you vulnerable to fire.
   rC:        It greatly protects you from cold.
   Regen:     It increases your rate of health regeneration.
   Will:      It decreases your willpower.
 S - a +0 buckler of protection (worn)
 U - a scarf of invisibility
 W - a +1 leather armour of poison resistance
 Y - a +2 helmet (worn)
Magical Staves
 o - a staff of poison
Jewellery
 e - a ring of resist corrosion
 l - a ring of protection from fire
 v - an amulet of magic regeneration (around neck)
 w - a ring of protection from fire
 Q - a ring of see invisible (right hand)
 R - a ring of flight
 V - a ring of magical power (left hand)
Wands
 h - a wand of paralysis (5)
 m - a wand of roots (6)
 t - a wand of quicksilver (7)
 B - a wand of mindburst (8)
 F - a wand of flame (13)
Scrolls
 a - 8 scrolls of teleportation
 c - a scroll of immolation
 i - a scroll of identify
 p - a scroll of amnesia {unknown}
 r - a scroll of poison
 z - 2 scrolls of vulnerability {unknown}
 D - 4 scrolls of magic mapping
 G - a scroll of fear {unknown}
 L - 6 scrolls of torment
 M - a scroll of noise {unknown}
 T - a scroll of enchant armour {unknown}
 X - a scroll of butterflies
Potions
 b - a potion of haste {unknown}
 f - 4 potions of lignification
 g - 3 potions of attraction
 j - 2 potions of resistance
 k - 5 potions of mutation
 n - 6 potions of curing
 s - 5 potions of flight
 u - 2 potions of berserk rage {unknown}
 x - 6 potions of brilliance
 A - 4 potions of heal wounds
 H - 2 potions of cancellation {unknown}
 N - a potion of invisibility {unknown}
 O - 4 potions of might


   Skills:
 + Level 11.0 Fighting
 + Level 8.8 Armour
 - Level 3.0 Dodging
 - Level 3.0 Stealth
 * Level 8.9 Shields
 + Level 10.4 Spellcasting
 + Level 10.8 Conjurations
 - Level 3.0 Translocations
 - Level 1.0 Transmutations
 - Level 3.0 Ice Magic
 - Level 3.0 Air Magic
 + Level 10.6 Earth Magic
 - Level 3.0 Poison Magic


You had 9 spell levels left.
You knew the following spells:

 Your Spells              Type           Power      Damage    Failure   Level
a - Sandblast             Erth           100%       2d20      1%          1
b - Passwall              Tmut/Erth      30%        N/A       1%          2
c - Stone Arrow           Conj/Erth      100%       3d13      1%          3
d - Wereblood             Tmut           15%        N/A       10%         2
e - Iskenderun's Mystic   Conj/Tloc      42%        2d10      1%          4
f - Olgreb's Toxic Radia  Pois           24%        N/A       7%          4
g - Mephitic Cloud        Conj/Pois/Air  36%        N/A       1%          3
h - Freezing Cloud        Conj/Ice/Air   18%        6-21      7%          5

Your spell library contained the following spells:

 Spells                   Type           Power      Damage    Failure   Level
 Irradiate                Conj/Tmut      18%        3d17      6%          5
 Foxfire                  Conj/Fire      100%       2x1d9     1%          1
 Freeze                   Ice            96%        1d11      1%          1
 Poisonous Vapours        Pois/Air       48%        N/A       1%          2
 Conjure Flame            Conj/Fire      35%        6-21      1%          3
 Dazzling Flash           Conj/Hex       70%        N/A       1%          3
 Hailstorm                Conj/Ice       42%        3d10      1%          4
 Apportation              Tloc           48%        N/A       2%          1
 Frozen Ramparts          Ice            48%        1d8       2%          3
 Flame Wave               Conj/Fire      35%        2d10      2%          4
 Blink                    Tloc           48%        N/A       4%          2
 Ignite Poison            Fire/Tmut/Pois 17%        N/A       4%          3
 Inner Flame              Hex/Fire       11%        N/A       8%          3
 Lesser Beckoning         Tloc           24%        N/A       9%          3
 Petrify                  Tmut/Erth      37%        N/A       9%          4
 Necrotise                Necr           44%        1d6       10%         1
 Slow                     Hex            44%        N/A       10%         1
 Summon Small Mammal      Summ           44%        N/A       10%         1
 Leda's Liquefaction      Hex/Erth       17%        N/A       11%         4
 Sublimation of Blood     Necr           11%        N/A       14%         2
 Portal Projectile        Hex/Tloc       36%        N/A       16%         3
 Orb of Destruction       Conj           28%        9d9       24%         7
 Call Canine Familiar     Summ           11%        N/A       28%         3
 Confusing Touch          Hex            11%        N/A       28%         3
 Summon Guardian Golem    Hex/Summ       11%        N/A       28%         3
 Vampiric Draining        Necr           11%        2d6       28%         3
 Starburst                Conj/Fire      17%        6d6       36%         6
 Corpse Rot               Necr/Pois/Air  20%        N/A       38%         4
 Manifold Assault         Tloc           24%        N/A       58%         5
 Summon Forest            Summ/Tloc      9%         N/A       80%         5
 Eringya's Noxious Bog    Tmut/Pois      10%        N/A       80%         6
 Spellforged Servitor     Conj/Summ      17%        N/A       88%         7
 Summon Mana Viper        Hex/Summ       11%        N/A       95%         5
 Simulacrum               Ice/Necr       9%         N/A       100%        6
 Summon Cactus Giant      Summ           5%         N/A       100%        6
 Summon Hydra             Summ           5%         N/A       100%        7
 Polar Vortex             Ice            12%        N/A       100%        9


Dungeon Overview and Level Annotations

Branches:
Dungeon (13/15) Zot: 25817  Temple (1/1) D:4 Zot: 5666    Lair (5/5) D:11 Zot: 22283
  Swamp (0/4) Lair:3        Snake (0/4) Lair:3        Slime (0/5) Lair:5
    Orc (2/2) D:12 Zot: 11339   IceCv (visited)
    Elf: Orc:2       Vaults: D:13-14

Altars:
Ashenzari
Cheibriados
Dithmenos
Fedhas
Gozag
Hepliaklqana
Kikubaaqudgha
Makhleb
Nemelex Xobeh
Okawaru
Qazlal
Ru
Sif Muna
Trog
Uskayaw
Vehumet
Wu Jian
Xom
Yredelemnul
Jiyva

Shops:
D:8 [

Annotations:
D:7 3 runed translucent doors, Shozle's ghost, novice SpHu
D:13 Nessos


Innate Abilities, Weirdness & Mutations

You are mostly covered in sharp spines.
When seriously injured, your blood forms very thick armour. (AC +12)
Your touch may inflict irresistible damage on your foes.


Message History

The ettin is severely wounded.
You hear a shout! x2
The orc priest casts a cantrip, but nothing happens.
Unknown command.
Unknown command.
Casting: Iskenderun's Mystic Blast (mildly dangerous; 1% risk of failure)
Confirm with . or Enter, or press ? or * to list all spells.
You erupt in a blast of force!
The mystic blast hits the orc high priest!
The orc high priest is almost dead.
The orc high priest is knocked back by the mystic blast.
The orc high priest collides with the orc priest!
The orc priest is moderately wounded.
The orc high priest is almost dead.
The mystic blast hits the orc warrior!
You kill the orc warrior!
Vehumet accepts your kill.
You feel your power returning.
The mystic blast hits the smoke demon!
The smoke demon is severely wounded.
The smoke demon is knocked back by the mystic blast.
The mystic blast hits the ettin.
The ettin is severely wounded.
The ettin is knocked back by the mystic blast.
The orc priest looks more healthy.
The orc high priest prays to Beogh.
An orc comes into view. It is wielding a +0 whip.
The orc priest casts a cantrip, but nothing happens.
Unknown command.
Unknown command.
Vehumet accepts your kill.
You feel your power returning.
You feel a bit more experienced.
The orc high priest mumbles some strange prayers to Beogh.
Unknown command.
Unknown command.
As you read the scroll of teleportation, it crumbles to dust.
You feel strangely unstable. Vehumet accepts your kill.
You feel your power returning.
You feel a bit more experienced.
The red devil hits you from afar with a +0 demon trident!!
You die...

o#..#........... .
#..o.#.....)..... ))
#.....#...).)...<. )..
o.....#...........
...o#####)4)...#...###.....
...oo)...o)3..##........†..
....o3o.)....##............
####)3o######.......#.....
.....oh44.@................
.....4.oC).................
.).o.#.#.#.)...............
.#..#####..................
..## #................... .
##.#.#..............
######...#.........
##..............
###...............


You could see an ettin (very poisoned), an orc high priest (very poisoned), a
hellwing (summoned), a rust devil (summoned), a sixfirhy (summoned), a smoke
demon (summoned), a warg, a red devil (summoned), an orc warrior (poisoned), 2
orc priests, an orc wizard and an orc.

Vanquished Creatures
  Kirke (Lair:4)
  2 azure jellies (IceCv)
  2 hydras (Lair:5)
  Harold (D:11)
  2 vault guards (D:13)
  2 boulder beetles
  4 catoblepae
  A centaur warrior (D:13)
  A two-headed ogre (D:12)
  14 death yaks (Lair:5)
  2 orc high priests
  A tengu warrior (D:13)
  2 orc knights (Orc:1)
  6 ugly things
  An orc sorcerer (Orc:2)
  A wolf spider (Lair:4)
  2 manticores (Lair:5)
  A cyclops (Orc:1)
  An ice statue (IceCv)
  3 elephants (Lair:3)
  A black mamba (Lair:4)
  2 unseen horrors
  2 gargoyles
  11 cane toads
  3 kobold demonologists
  A tengu conjurer (D:13)
  8 komodo dragons
  2 ice devils (Lair:2)
  5 trolls
  5 polar bears
  A hornet (Lair:4)
  Prince Ribbit (D:9)
  5 blink frogs (Lair:5)
  8 dream sheep
  21 slime creatures (IceCv)
  2 shadows
  4 wyverns
  A wraith (D:9)
  A vampire (D:12)
  4 hogs (Lair:4)
  49 yaks
  3 basilisks
  A steam dragon (Lair:4)
  8 redbacks (D:12)
  12 vampire mosquitoes
  2 nagas (Lair:3)
  3 wargs
  10 water moccasins
  An acid dragon (D:9)
  29 orc warriors
  4 sky beasts (D:7)
  4 great orb of eyes simulacra (IceCv)
  3 black bears
  7 ogres
  5 wolves
  A phantom (D:6)
  2 centaurs
  2 kobold brigands
  Blork the orc (D:5)
  3 slime creature simulacra (IceCv)
  4 glowing shapeshifter simulacra (IceCv)
  2 necrophages (D:7)
  A gnoll sergeant (D:11)
  9 bullfrogs
  A scorpion (D:5)
  17 killer bees
  9 howler monkeys
  An electric eel (Lair:3)
  2 hounds
  2 jellies
  26 orc priests
  A gnoll bouda (D:7)
  4 iguanas
  24 orc wizards
  A statue (D:12)
  3 shapeshifter simulacra (IceCv)
  A centaur simulacrum (D:8)
  8 gnolls
  14 adders
  2 shadow imps
  5 white imps
  An ufetubus (D:8)
  2 dart slugs
  98 orcs
  5 ball pythons
  5 bats
  9 endoplasms
  2 giant cockroaches (D:1)
  6 goblins
  7 hobgoblins
  4 quokkas
  A frilled lizard (D:3)
  14 kobolds
  3 rats
582 creatures vanquished.

Vanquished Creatures (others)
  A human (D:10)
  A shapeshifter simulacrum (IceCv)
  22 fungi
  68 plants
92 creatures vanquished.

Grand Total: 674 creatures vanquished

Notes
Turn   | Place    | Note
-------+----------+-------------------------------------------
     0 | D:1      | protoss039 the Demonspawn Earth Elementalist began the
                  | quest for the Orb.
     0 | D:1      | Reached XP level 1. HP: 13/13 MP: 3/3
   340 | D:1      | Gained mutation: When seriously injured, your blood forms
                  | armour. (AC +12) [demonic ancestry]
   340 | D:1      | Reached XP level 2. HP: 20/20 MP: 1/5
   484 | D:1      | Reached skill level 1 in Fighting
  1088 | D:1      | Learned a level 2 spell: Passwall
  1201 | D:2      | Reached XP level 3. HP: 26/26 MP: 2/6
  1508 | D:2      | Found a faded altar of an unknown god.
  1571 | D:2      | You fall into a shaft and drop 1 floor!
  2047 | D:3      | Reached XP level 4. HP: 33/33 MP: 6/8
  2331 | D:3      | Reached skill level 2 in Fighting
  2559 | D:3      | Learned a level 3 spell: Stone Arrow
  2605 | D:4      | Noticed an ogre
  2613 | D:4      | Killed an ogre
  2614 | D:4      | Reached skill level 1 in Conjurations
  2614 | D:4      | Reached XP level 5. HP: 39/39 MP: 3/9
  2674 | D:4      | Noticed a black bear
  2682 | D:4      | Killed a black bear
  2683 | D:4      | Reached skill level 1 in Armour
  2837 | D:4      | Reached XP level 6. HP: 46/46 MP: 5/11
  2885 | D:4      | Found a staircase to the Ecumenical Temple.
  2903 | Temple   | Entered the Ecumenical Temple
  4135 | D:4      | Learned a level 2 spell: Wereblood
  4136 | D:5      | Entered Level 5 of the Dungeon
  4145 | D:5      | Reached skill level 3 in Fighting
  4475 | D:5      | Gained mutation: Your touch may inflict minor irresistible
                  | damage on your foes. [demonic ancestry]
  4475 | D:5      | Reached XP level 7. HP: 52/52 MP: 10/12
  4749 | D:5      | Found a radiant altar of Vehumet.
  4752 | D:5      | Noticed Blork the orc
  4766 | D:5      | HP: 1/52 [something/magic dart (4)]
  5135 | D:5      | Killed Blork the orc
  5138 | D:5      | Became a worshipper of Vehumet
  5969 | D:6      | Reached skill level 4 in Fighting
  6055 | D:6      | Gained mutation: Your touch may inflict irresistible damage
                  | on your foes. [demonic ancestry]
  6055 | D:6      | Reached XP level 8. HP: 35/60 MP: 10/14
  6255 | D:6      | Found an iron altar of Okawaru.
  6539 | D:7      | Reached skill level 5 in Earth Magic
  6812 | D:7      | Noticed Shozle's ghost (novice SpHu)
  6853 | D:7      | Reached skill level 5 in Spellcasting
  7178 | D:7      | Found a faded altar of an unknown god.
  7178 | D:7      | Found a broken altar of Ashenzari.
  7186 | D:7      | Found a blossoming altar of Fedhas.
  7188 | D:7      | Found a snail-covered altar of Cheibriados.
  7190 | D:7      | Found a faded altar of an unknown god.
  7226 | D:7      | Found a hide-covered altar of Uskayaw.
  7283 | D:7      | Reached skill level 5 in Fighting
  7506 | D:7      | Found a runed translucent gate.
  7506 | D:7      | Found a runed translucent gate.
  7506 | D:7      | Found a runed translucent gate.
  7580 | D:7      | Gained mutation: When seriously injured, your blood forms
                  | thick armour. (AC +12) [demonic ancestry]
  7580 | D:7      | Reached XP level 9. HP: 53/68 MP: 7/17
  7662 | D:7      | Noticed a red ugly thing
  7669 | D:7      | Reached * piety under Vehumet
  7669 | D:7      | Offered knowledge of Shock by Vehumet.
  7675 | D:7      | Killed a red ugly thing
  7676 | D:7      | Reached skill level 5 in Conjurations
  8042 | D:7      | Found a shimmering altar of Xom.
  8278 | D:8      | Reached skill level 6 in Fighting
  8298 | D:8      | Reached skill level 5 in Armour
  8691 | D:8      | Noticed a polar bear
  8697 | D:8      | Killed a polar bear
  8697 | D:8      | Offered knowledge of Scorch by Vehumet.
  8698 | D:8      | Gained mutation: You are partially covered in sharp spines.
                  | [demonic ancestry]
  8698 | D:8      | Reached XP level 10. HP: 77/77 MP: 13/19
  8744 | D:8      | Reached ** piety under Vehumet
  8944 | D:8      | Found a sand-covered staircase.
  8963 | D:8      | Found Zuexuz's Armour Shop.
  9045 | D:8      | Offered knowledge of Searing Ray by Vehumet.
  9695 | D:9      | Reached *** piety under Vehumet
  9876 | D:9      | Reached skill level 7 in Fighting
 10182 | D:9      | Noticed a sixfirhy
 10329 | D:9      | Offered knowledge of Fulminant Prism by Vehumet.
 10792 | D:9      | Identified the +6 spear of the Spheres {vorpal, Fly rF+}
 10825 | D:9      | Noticed Prince Ribbit
 10839 | D:9      | Killed Prince Ribbit
 11277 | D:10     | Entered Level 10 of the Dungeon
 11375 | D:10     | Noticed a gargoyle
 11383 | D:10     | Killed a gargoyle
 11384 | D:10     | Gained mutation: You are mostly covered in sharp spines.
                  | [demonic ancestry]
 11384 | D:10     | Reached XP level 11. HP: 31/86 MP: 9/22
 11838 | D:10     | Found an ancient bone altar of Kikubaaqudgha.
 12138 | D:11     | Found a staircase to the Lair.
 12141 | D:11     | Reached skill level 8 in Fighting
 12282 | D:11     | Noticed Harold
 12290 | D:11     | Reached **** piety under Vehumet
 12294 | D:11     | Killed Harold
 13441 | D:12     | Offered knowledge of Olgreb's Toxic Radiance by Vehumet.
 13490 | D:12     | Noticed a two-headed ogre
 13495 | D:12     | Noticed a purple ugly thing
 13503 | D:11     | Learned a level 4 spell: Olgreb's Toxic Radiance
 13508 | D:11     | Learned a level 4 spell: Iskenderun's Mystic Blast
 13614 | D:12     | Reached skill level 1 in Transmutations
 13645 | D:12     | Reached skill level 1 in Shields
 13664 | D:12     | Reached skill level 1 in Poison Magic
 13696 | D:12     | Reached skill level 1 in Translocations
 13698 | D:12     | Killed a two-headed ogre
 13910 | D:12     | Noticed a purple ugly thing
 13910 | D:12     | Killed a purple ugly thing
 13920 | D:12     | Killed a purple ugly thing
 14072 | D:12     | Reached XP level 12. HP: 51/94 MP: 24/24
 14392 | D:12     | Found a radiant altar of Vehumet.
 14458 | D:12     | Reached skill level 9 in Fighting
 14783 | D:12     | Reached ***** piety under Vehumet
 14847 | D:12     | Offered knowledge of Sticky Flame by Vehumet.
 15118 | D:12     | Found a staircase to the Orcish Mines.
 15299 | D:13     | Noticed a boulder beetle
 15319 | D:13     | Noticed a tengu warrior
 15320 | D:13     | Killed a boulder beetle
 15324 | D:13     | Killed a tengu warrior
 15397 | D:13     | Noticed a centaur warrior
 15398 | D:13     | Noticed a vault guard
 15398 | D:13     | Noticed Nessos
 15398 | D:13     | Noticed a vault guard
 15400 | D:13     | Noticed a vault guard
 15401 | D:13     | Noticed a vault guard
 15409 | D:13     | Found a blossoming altar of Fedhas.
 15707 | D:13     | Killed a centaur warrior
 15708 | D:13     | Noticed a vault guard
 15711 | D:13     | Killed a vault guard
 16023 | D:12     | Learned a level 5 spell: Freezing Cloud
 16078 | D:13     | Killed a vault guard
 16132 | Lair:1   | Entered Level 1 of the Lair of Beasts
 17871 | Lair:2   | Found a frozen archway.
 17886 | IceCv    | Entered an ice cave
 18361 | IceCv    | Reached skill level 5 in Shields
 18732 | IceCv    | Reached XP level 13. HP: 102/102 MP: 14/26
 18910 | IceCv    | Found a viscous altar of Jiyva.
 18910 | IceCv    | Noticed an azure jelly
 18917 | IceCv    | Noticed an azure jelly
 18918 | IceCv    | Killed an azure jelly
 19282 | IceCv    | Killed an azure jelly
 19670 | IceCv    | Identified the +0 ice dragon scales of Erchy {rF- rC++
                  | Will- Regen+ Dex+3}
 20447 | Lair:3   | Reached skill level 10 in Fighting
 20533 | Lair:3   | Found a staircase to the Swamp.
 20644 | Lair:3   | Offered knowledge of Fireball by Vehumet.
 20947 | Lair:3   | Identified the +1 leather armour of Insecurity {Harm rPois
                  | rF+ Slay-5}
 21089 | Lair:3   | Found a staircase to the Snake Pit.
 21616 | Lair:3   | Learned a level 3 spell: Mephitic Cloud
 21621 | Lair:4   | Noticed Kirke
 21635 | Lair:4   | Killed Kirke
 21636 | Lair:4   | Reached skill level 10 in Conjurations
 21636 | Lair:4   | Reached skill level 1 in Air Magic
 21712 | Lair:4   | Reached skill level 1 in Ice Magic
 22661 | Lair:4   | Reached skill level 10 in Earth Magic
 22971 | Lair:5   | Entered Level 5 of the Lair of Beasts
 23150 | Lair:5   | Gained mutation: When seriously injured, your blood forms
                  | very thick armour. (AC +12) [demonic ancestry]
 23150 | Lair:5   | Reached XP level 14. HP: 45/111 MP: 10/27
 23429 | Lair:5   | Offered knowledge of Lee's Rapid Deconstruction by Vehumet.
 23481 | Lair:5   | Found a viscous altar of Jiyva.
 23481 | Lair:5   | Found a staircase to the Slime Pits.
 23751 | Lair:5   | Reached skill level 10 in Spellcasting
 25714 | Orc:1    | Entered Level 1 of the Orcish Mines
 25979 | Orc:1    | Offered knowledge of Irradiate by Vehumet.
 25980 | Orc:1    | Reached skill level 11 in Fighting
 26377 | Orc:2    | Entered Level 2 of the Orcish Mines
 26594 | Orc:2    | Slain by a red devil

Illustrated notes

Levels and vault maps discovered:
D:1:      sevenhm_arrival_forest_fort_small_4, layout_basic
D:2:      kennysheep_the_goblin_king, layout_basic,
          dreamdust_ecumenical_altar_hidden_monk_grotto,
          nicolae_elevator_lobby_asterisk, uniq_terence
D:3:      layout_basic
D:4:      layout_basic, minmay_temple_entry_slanted, minivault_26
D:5:      layout_rooms, mainiacjoe_overflow_boulevard,
          amcnicky_mini_corridor_feature, uniq_blork_the_orc
D:6:      layout_rooms, nicolae_overflow_hidden_temple
D:7:      layout_gridville, nicolae_uskayaw_dance_hall,
          mainiacjoe_overflow_24_doors, chequers_temple_overflow_minitemple,
          gammafunk_ghost_icy, corner_web_ring, minmay_chambers_of_fives
D:8:      minmay_weird_star, layout_basic, serial_ice, serial_ice_a,
          serial_ice_n, serial_ice_g, serial_ice_i, serial_shops,
          nicolae_lakefront_shop, lightli_ossuary_entry_decrepit_ruins,
          special_room [special_room_orc], minmay_crystal_room, grunt_decor_cap
D:9:      layout_long_grid, lemuel_crystal_altar, uniq_prince_ribbit1
D:10:     layout_rooms, tgw_kikubaaqudgha, serial_glass, glass_columns_a,
          glass_columns_a, feat_on_display, item_on_display_a,
          unseen_surprise_small, minmay_strange_pillars
D:11:     layout_basic, lair_entry_dummy, uniq_harold
D:12:     layout_long_grid, david_orc_4, drop_trap, vehumet_statue
D:13:     layout_loops_cross, erik_vaults_2, fedhas_altar_1, uniq_nessos
Temple:   oiseaux_autumnal_temple
Lair:1:   wander_river, layout_cave_pods, st_stairs_9
Lair:2:   layout_regular_city, portal_ice_cave_demonic_guard, st_stairs_6
Lair:3:   layout_misc_corridors, swamp_mist_pool, guppyfry_snake_entry_garden
Lair:4:   minmay_lair_venomous_thicket, layout_cave_pods,
          dreamdust_mushroom_princess, infiniplex_staircase_pool_2, uniq_kirke
Lair:5:   evilmike_catoblepas_cave, layout_regular_city, slime_entry_1,
          hibernation_bobbens
Orc:1:    layout_caves
Orc:2:    st_orc_mages, layout_caves, basic_altar, serial_shops,
          nicolae_shop_waterfront, uniq_rupert

Skill      XL: |  1  2  3  4  5  6  7  8  9 10 11 12 13 14 |
---------------+-------------------------------------------+-----
Fighting       | 1 2 3 4 5 6 7 8 9 10 11 | 11.0
Earth Magic    | 3 4 5 6 7 8 9 10 | 10.6
Spellcasting   | 3 4 5 6 7 8 9 10 | 10.4
Conjurations   | 1 2 3 4 6 7 8 9 10 | 10.8
Armour         | 1 2 3 4 5 6 7 8 |  8.8
Stealth        | 2 3 |  3.0
Transmutations | 1 |  1.0
Dodging        | 2 3 |  3.0
Shields        | 2 5 7 8 |  8.9
Poison Magic   | 2 3 |  3.0
Translocations | 2 3 |  3.0
Air Magic      | 2 3 |  3.0
Ice Magic      | 2 3 |  3.0

Action                   |  1- 3 |  4- 6 |  7- 9 | 10-12 | 13-15 || total
-------------------------+-------+-------+-------+-------+-------++-------
Melee: Club              |    39 |       |       |       |       ||    39
       Unarmed           |     1 |       |       |       |       ||     1
       Dagger            |    23 |     8 |       |       |       ||    31
       Punch             |     2 |     3 |       |       |       ||     5
       Short sword       |       |    15 |    88 |   176 |   136 ||   415
       Staff             |       |     2 |       |       |       ||     2
       Glaive            |       |       |    22 |       |       ||    22
       Touch             |       |       |    19 |    31 |       ||    50
 Cast: Sandblast         |    53 |    45 |    47 |   107 |    36 ||   288
       Stone Arrow       |       |       |    55 |   214 |   150 ||   419
       Wereblood         |       |       |     4 |    11 |       ||    15
       Passwall          |       |       |       |     9 |     2 ||    11
       Iskenderun's Myst |       |       |       |     3 |    70 ||    73
       Olgreb's Toxic Ra |       |       |       |     2 |    42 ||    44
       Mephitic Cloud    |       |       |       |       |     3 ||     3
Evoke: Wand              |       |     3 |       |    11 |       ||    14
  Use: Scroll            |       |       |     7 |    13 |    11 ||    31
       Potion            |       |       |     1 |     5 |     2 ||     8
 Stab: Sleeping          |     1 |       |       |       |       ||     1
Armor: Robe              |     5 |       |       |       |       ||     5
       Leather armour    |    25 |    12 |    84 |   135 |   130 ||   386
Dodge: Dodged            |    68 |    28 |   134 |   178 |   159 ||   567
Block: Kite shield       |       |       |       |    51 |       ||    51
       Buckler           |       |       |       |    21 |    71 ||    92
